AoeStats
← Erickinio

Black Forest

508368871Analyzed
2v2 RM · 10d ago on Sep 22, 2026· 43m 59s· 4 players
Game mode
Random Map
Map size
Medium (4 player)
Population
200
Speed
Normal
Resources
Standard
Victory
Conquest
Starting age
Dark Age
Ending age
Imperial Age
RankedLock teamsTeams togetherTeam positionsShared explorationLock speedFull tech treeHidden civsTurbo modeCheats
Victory
Defeat
🇷🇺 Bohemians · Russia
813
+14
🇦🇷 Celts · Argentina
767
+16
🇨🇦 Teutons · Canada
763
-15
🇨🇦 Teutons · Canada
763
-15
SuuSamuraii
5:30 Loom
12:34 Feudal Age
13:11 Double-Bit Axe
16:00 Horse Collar
20:24 Castle Age
19:02 Scale Barding Armor
19:14 Gold Mining
35:59 Fortified Wall
36:50 Wheelbarrow
40:15 Imperial Age
38:19 Stone Mining
39:22 Bloodlines
39:40 Chain Barding Armor
40:03 Fishing Lines
40:53 Cavalier
42:27 Plate Barding Armor
43:26 Hand Cart
44:41 Conscription
Albast6718
0:27 Loom
12:28 Feudal Age
18:49 Castle Age
20:23 Double-Bit Axe
32:25 Wheelbarrow
31:40 Horse Collar
32:31 Gold Mining
39:46 Imperial Age
39:11 Hand Cart
43:46 Chemistry
42:56 Onager
Erickinio
0:59 Loom
13:40 Feudal Age
16:24 Arson
16:49 Double-Bit Axe
18:07 Forging
19:18 Man-at-Arms
21:41 Scale Mail Armor
21:37 Horse Collar
29:14 Castle Age
29:46 Wheelbarrow
29:04 Gold Mining
29:04 Stone Mining
30:21 Pikeman
31:01 Gambesons
30:37 Long Swordsman
32:03 Bow Saw
33:53 Gold Shaft Mining
33:53 Stone Shaft Mining
37:55 Murder Holes
39:02 Stronghold
38:54 Treadmill Crane
39:11 Long Swordsman
40:28 Iron Casting
39:58 Scale Barding Armor
41:55 Masonry
42:24 Heavy Plow
45:08 Imperial Age
44:22 Fortified Wall
X-you
0:30 Loom
11:44 Feudal Age
18:35 Double-Bit Axe
18:31 Horse Collar
19:30 Wheelbarrow
21:00 Castle Age
21:11 Wheelbarrow
25:01 Hand Cart
27:34 Bow Saw
27:26 Heavy Plow
27:22 Pikeman
33:17 Imperial Age
32:23 Chemistry
31:44 Ballistics
31:20 Fletching
31:31 Padded Archer Armor
33:06 Bodkin Arrow
33:30 Leather Archer Armor
34:02 Squires
33:31 Elite Hussite Wagon
34:32 Conscription
33:37 Halberdier
35:33 Wagenburg Tactics
37:30 Ring Archer Armor
40:49 Two-Man Saw
40:38 Bracer
40:39 Scale Mail Armor
40:50 Forging
42:23 Houfnice
43:24 Chain Mail Armor
43:44 Iron Casting
Connection lost

Rejoining the realm…

Still unreachable

The connection could not be restored.

Session expired

The server has moved on; the page needs a fresh start.